Map: Blackpink LE

Players

Alvin

  • Race: Zerg Zerg
  • League: Platinum
  • Spawn Location: 7:00

Juxtapose - Winner!

  • Race: Terran Terran
  • Spawn Location: 1:00

VOD

https://youtu.be/q-hF-fQ0ysY

Description

The first Season of 2018 began today, and it appears that a League Placement Match is required regardless of if you were at risk of demotion when completing the previous Season or not.

So, I completed 2017 Season 4 with a 57% win percentage in Platinum 3, my best Race was Zerg, and the Race I faced the most was Terran.

I'm extremely pleased with how I played last Season, and hope to learn more, do well, and stay in Platinum League this Season!

In this match, I go for a very classic Marine/Siege Tank push.

Time

  • Played on: Jan. 23, 2018, 7:15 p.m.
  • Length: 7:55
Show
View Real Time Build Order
Export as new Build Order

Alvin Zerg 

Build Orders: Hatch First 

Get SALT Encoding   

  12  0:02  Drone  
  13  0:09  Drone  
  14  0:17  Overlord  
  14  0:25  Drone, Extractor  
  16  0:35  Drone x2  
  17  0:53  Hatchery  
  17  0:55  Drone  
  17  0:58  Extractor  
  17  1:01  Drone  
  17  1:17  Spawning Pool  
  16  1:19  Drone  
  16  1:23  Drone  
  18  1:28  Drone  
  19  1:39  Overlord  
  19  1:50  Drone  
  20  2:00  Drone  
  21  2:04  Queen  
  21  2:05  Queen  
  21  2:07  Zergling x2  
  27  2:15  Zergling x2  
  27  2:17  Drone  
  28  2:26  Metabolic Boost  
  28  2:29  Drone x2  
  30  2:45  Drone x3  
  33  2:52  Drone  
  34  3:03  Drone x2  
  34  3:04  Hatchery  
  35  3:07  Drone  
  36  3:14  Overlord  
  36  3:22  Drone, Baneling Nest  
  36  3:32  Queen  
  36  3:33  Drone x2  
  39  3:37  Drone x3  
  42  3:42  Drone  
  42  3:45  Spore Crawler  
  42  3:48  Drone  
  42  3:49  Overlord x2  
  42  3:50  Spore Crawler  
  42  3:52  Lair  
  42  3:54  Drone  
  43  4:01  Overlord x2  
  43  4:16  Drone  
  44  4:20  Drone x2  
  44  4:22  Zergling x2  
  44  4:23  Zergling x2  
  48  4:28  Drone  
  49  4:32  Spore Crawler  
  49  4:36  Drone x4  
  53  4:38  Drone x2  
  53  4:40  Extractor  
  53  4:52  Drone x5  
  58  4:54  Drone  
  58  4:59  Extractor  
  58  5:10  Zergling x8  
  58  5:11  Centrifical Hooks  
  62  5:18  Drone x2  
  63  5:30  Zergling x6  
  63  5:33  Drone x4  
  70  5:36  Drone  
  70  5:40  Extractor  
  70  5:41  Drone  
  70  5:42  Extractor  
  70  5:46  Drone x2  
  70  5:48  Hydralisk Den  
  71  5:56  Overlord x3  
  71  6:03  Spore Crawler  
  70  6:04  Drone  
  70  6:05  Spore Crawler  
  70  6:06  Zergling x2  
  70  6:07  Baneling  
  70  6:08  Baneling x4  
  70  6:09  Drone, Baneling  
  72  6:15  Evolution Chamber  
  62  6:27  Zergling x6  
  67  6:34  Zergling x2  
  67  6:38  Zergling x2  
  67  6:39  Zergling x2  
  68  6:48  Zergling x2  
  69  6:54  Zergling x2  
  69  7:04  Baneling x8  
  69  7:05  Baneling x4  
  69  7:07  Overlord  
  69  7:10  Zergling x2  
  61  7:36  Overlord x2, Hatchery  
  59  7:38  Hatchery  
Show
View Real Time Build Order
Export as new Build Order

Juxtapose Terran - Winner!

Build Orders:  

Get SALT Encoding   

  12  0:01  SCV  
  13  0:13  SCV  
  14  0:23  Supply Depot  
  14  0:25  SCV  
  15  0:44  SCV  
  15  0:46  Barracks  
  15  0:49  Supply Depot  
  16  0:56  SCV  
  17  1:07  Refinery  
  17  1:08  SCV  
  18  1:18  Refinery  
  18  1:21  SCV  
  19  1:37  Marine  
  19  1:38  Orbital Command  
  20  1:57  Barracks Tech Lab  
  20  2:01  Barracks Reactor  
  20  2:04  SCV  
  21  2:11  Supply Depot  
  21  2:16  SCV  
  21  2:19  Factory  
  22  2:36  SCV  
  23  2:38  Marine x2  
  25  2:48  SCV  
  26  2:55  Supply Depot  
  26  2:57  Engineering Bay  
  25  3:00  SCV  
  26  3:05  Factory Tech Lab  
  26  3:11  Marine x2  
  28  3:25  Siege Tank  
  31  3:28  Marine x2, Terran Infantry Weapons Level 1  
  33  3:43  Missile Turret  
  33  3:46  Marine x2  
  35  3:49  Supply Depot  
  35  4:02  Siege Tank  
  38  4:04  Marine x2  
  40  4:23  Sensor Tower  
  40  4:25  Marine x2  
  42  4:34  Siege Tank  
  42  4:35  Starport  
  45  4:53  Marine x2  
  47  5:10  Siege Tank  
  50  5:22  Starport Reactor, Terran Infantry Armor Level 1  
  50  5:32  Marine x2  
  52  5:35  Command Center  
  52  5:42  Siege Tank  
  55  5:56  Supply Depot  
  55  6:18  Marine x2, Medivac  
  59  6:20  Supply Depot  
  57  6:36  Marine x2  
  57  6:37  Siege Tank  
  61  6:53  Marine x2  
  63  7:11  Marine x2, Medivac x2  
  69  7:18  Orbital Command  
  67  7:24  SCV  
  67  7:29  Marine x2  
  53  7:36  SCV  
Tags
 
League
Platinum
Matchup
TvZ
Spawn Locations
Cross Positions
Add a new tag
Caveats
  • Supply blocks, unpowered buildings, or Contaminate may cause inaccurate times.
  • Supply counts are checked every 10 seconds.